[Event "ICC tourney 2396 (75 10)"]
[Site "Internet Chess Club"]
[Date "2021.02.20"]
[Round "2"]
[White "MikeWMason"]
[Black "ScorpianFire7"]
[Result "1/2-1/2"]
[ICCResult "Game drawn by mutual agreement"]
[WhiteElo "1664"]
[BlackElo "1495"]
[Opening "Giuoco Piano"]
[ECO "C50"]
[NIC "IG.02"]
[Time "14:32:10"]
[PlyCount "42"]
[TimeControl "4500+10"]

1. e4 e5 2. Nf3 Nc6 3. Bc4 Bc5 4. d4 exd4 5. c3 dxc3 6. Nxc3 d6 7. O-O h6
8. Qb3 Qd7 9. Bb5 a6 10. Bxc6 Qxc6 11. e5 Be6 12. Qd1 O-O-O 13. Qe2 Bb6 14.
exd6 Qxd6 15. Rd1 Qe7 16. Be3 Bxe3 17. Qxe3 Kb8 18. Rxd8+ Qxd8 19. Rd1 Qe7
20. Nd5 Qd8 21. Nc3 Qe7 { Game drawn by mutual agreement } 1/2-1/2

[Event "ICC tourney 2396 (75 10)"]
[Site "Internet Chess Club"]
[Date "2021.02.20"]
[Round "2"]
[White "SuperBlueSky"]
[Black "wahoo"]
[Result "1-0"]
[ICCResult "Black checkmated"]
[WhiteElo "1585"]
[BlackElo "1653"]
[Opening "QGD: Tartakower (Makagonov-Bondarevsky) system"]
[ECO "D58"]
[NIC "QO.10"]
[Time "14:31:26"]
[PlyCount "79"]
[TimeControl "4500+10"]

1. d4 d5 2. c4 e6 3. Nc3 Nf6 4. Bg5 Be7 5. Nf3 h6 6. Bh4 O-O 7. e3 b6 8.
Rc1 Ba6 9. b3 dxc4 10. Bxc4 Bxc4 11. bxc4 Nc6 12. O-O Qd7 13. Bg3 a6 14.
Qc2 Nb4 15. Qb1 c5 16. Ne5 Qc8 17. a3 Nc6 18. Qxb6 Nxe5 19. Bxe5 cxd4 20.
Bxd4 Bxa3 21. Bxf6 Bxc1 22. Qd4 gxf6 23. Rxc1 e5 24. Qh4 Kg7 25. Ne4 Qf5
26. Ng3 Qg5 27. Qe4 Rab8 28. Ra1 Rfd8 29. Nf5+ Kf8 30. h4 Qh5 31. Rxa6 Qd1+
32. Kh2 Qe2 33. Rxf6 Qxf2 34. Rxh6 Qxf5 35. Qxf5 Rd2 36. Rh8+ Kg7 37. Rxb8
Rxg2+ 38. Kxg2 f6 39. Rb7+ Kg8 40. Qc8# { Black checkmated } 1-0

[Event "ICC tourney 2396 (75 10)"]
[Site "Internet Chess Club"]
[Date "2021.02.20"]
[Round "2"]
[White "JacJac06"]
[Black "IveDoneEnough"]
[Result "1-0"]
[ICCResult "Black resigns"]
[WhiteElo "1709"]
[BlackElo "1584"]
[Opening "Sicilian: Alapin's variation (2.c3)"]
[ECO "B22"]
[NIC "SI.46"]
[Time "14:31:22"]
[PlyCount "114"]
[TimeControl "4500+10"]

1. e4 c5 2. c3 Nf6 3. Qc2 Nc6 4. Nf3 Qb6 5. Bc4 e6 6. d3 d5 7. Bb3 Na5 8.
Ba4+ Bd7 9. Bxd7+ Nxd7 10. O-O dxe4 11. dxe4 Be7 12. Bf4 O-O 13. Nbd2 Bd6
14. Bxd6 Qxd6 15. Rad1 Qc7 16. Nb3 Nxb3 17. Qxb3 a6 18. c4 Rab8 19. a4 Rfd8
20. Rd3 Ne5 21. Nxe5 Qxe5 22. Rfd1 Rxd3 23. Qxd3 h6 24. b3 Qc7 25. g3 b5
26. axb5 axb5 27. cxb5 Qb6 28. Rc1 Qxb5 29. Qxb5 Rxb5 30. Rc3 Kf8 31. Kf1
Ke7 32. Ke2 Kd6 33. f4 Rb4 34. Ke3 Rd4 35. Rd3 e5 36. f5 Kc6 37. Rd2 Kb5
38. Ra2 Rd7 39. Ra4 g6 40. g4 gxf5 41. exf5 f6 42. Ra8 Kb4 43. Rb8+ Kc3 44.
Rb6 Rd3+ 45. Kf2 Kd2 46. Rxf6 e4 47. Re6 e3+ 48. Kf3 e2+ 49. Kf2 e1=Q+ 50.
Rxe1 Rxb3 51. f6 Rb4 52. Re2+ Kd1 53. Kf3 Rb8 54. f7 Rf8 55. Re7 c4 56.
Rd7+ Kc2 57. h4 c3 { Black resigns } 1-0

[Event "ICC tourney 2396 (75 10)"]
[Site "Internet Chess Club"]
[Date "2021.02.20"]
[Round "2"]
[White "PvzGuy13"]
[Black "yanje03"]
[Result "1/2-1/2"]
[ICCResult "Game drawn by mutual agreement"]
[WhiteElo "1691"]
[BlackElo "1570"]
[Opening "Nimzo-Indian: classical variation"]
[ECO "E32"]
[NIC "NI.20"]
[Time "14:31:19"]
[PlyCount "88"]
[TimeControl "4500+10"]

1. d4 Nf6 2. c4 e6 3. Nc3 Bb4 4. Qc2 O-O 5. a3 Bxc3+ 6. Qxc3 c5 7. dxc5 Qc7
8. b4 a5 9. Bb2 axb4 10. axb4 Rxa1+ 11. Bxa1 b6 12. cxb6 Qxb6 13. Nf3 Bb7
14. c5 Qc6 15. e3 d6 16. Nd4 Qe4 17. Qd3 Qd5 18. Nb5 Qxd3 19. Bxd3 dxc5 20.
bxc5 Na6 21. Bd4 Nd7 22. Nd6 Naxc5 23. Bb5 Ba6 24. Bxc5 Nxc5 25. Bxa6 Nxa6
26. Ke2 Rd8 27. Rc1 f6 28. Rc6 Nb4 29. Rc8 Rxc8 30. Nxc8 Kf7 31. Nd6+ Ke7
32. Nc4 e5 33. e4 Ke6 34. Ne3 Nc6 35. f3 g6 36. g4 Nd4+ 37. Kf2 f5 38.
gxf5+ gxf5 39. exf5+ Nxf5 40. Nxf5 Kxf5 41. Ke3 Ke6 42. Ke4 Kf6 43. h4 h5
44. f4 exf4 { Game drawn by mutual agreement } 1/2-1/2

[Event "ICC tourney 2396 (75 10)"]
[Site "Internet Chess Club"]
[Date "2021.02.20"]
[Round "2"]
[White "edwinthomas"]
[Black "VincentT2008"]
[Result "0-1"]
[ICCResult "White checkmated"]
[WhiteElo "1527"]
[BlackElo "1701"]
[Opening "Giuoco Pianissimo: Canal variation"]
[ECO "C55"]
[NIC "IG.01"]
[Time "14:31:53"]
[PlyCount "84"]
[TimeControl "4500+10"]

1. e4 e5 2. Nf3 Nc6 3. Bc4 Nf6 4. d3 Bc5 5. Nc3 d6 6. Bg5 h6 7. Bh4 g5 8.
Bg3 Bg4 9. Na4 Bb6 10. Nxb6 axb6 11. c3 Qd7 12. h3 Bh5 13. Qd2 Na5 14. Qe3
b5 15. Bd5 c6 16. b4 cxd5 17. bxa5 Rxa5 18. Nd2 Bg6 19. O-O O-O 20. f3 Rfa8
21. h4 Nh5 22. Kf2 Nxg3 23. Kxg3 gxh4+ 24. Kxh4 Qe7+ 25. Kg4 Kg7 26. Rh1
h5+ 27. Kg3 Rxa2 28. Rxa2 Rxa2 29. exd5 Ra3 30. Ne4 f5 31. Qg5 Qxg5+ 32.
Nxg5 Rxc3 33. Rb1 f4+ 34. Kh4 Bxd3 35. Rb2 Kg6 36. Ne6 Rc2 37. Rb3 Bc4 38.
Ra3 Bxd5 39. Ng5 Rxg2 40. Nh3 Rh2 41. Rb3 Be6 42. Rxb5 Rxh3# { White
checkmated } 0-1

[Event "ICC tourney 2396 (75 10)"]
[Site "Internet Chess Club"]
[Date "2021.02.20"]
[Round "2"]
[White "BobbyFissure"]
[Black "ruitang"]
[Result "1/2-1/2"]
[ICCResult "Game drawn by mutual agreement"]
[WhiteElo "1504"]
[BlackElo "1598"]
[Opening "English: Anglo-Grünfeld defense"]
[ECO "A16"]
[NIC "EO.52"]
[Time "14:31:24"]
[PlyCount "76"]
[TimeControl "4500+10"]

1. c4 Nf6 2. Nc3 d5 3. cxd5 Nxd5 4. Nf3 g6 5. Qc2 c6 6. a3 Bg7 7. g3 O-O 8.
Bg2 Nxc3 9. dxc3 Qb6 10. O-O Be6 11. b4 Nd7 12. Be3 Qc7 13. Bf4 Qb6 14. Be3
Qa6 15. Nd4 Bd5 16. f3 e5 17. b5 Qa5 18. Nb3 Bxb3 19. Qxb3 Qxb5 20. Qxb5
cxb5 21. f4 exf4 22. Bxf4 Rac8 23. Bxb7 Rxc3 24. Rfc1 Nc5 25. Rxc3 Bxc3 26.
Rc1 Bd4+ 27. e3 Bxe3+ 28. Bxe3 Nxb7 29. Rc7 Nd6 30. Rxa7 Rc8 31. Bh6 Nf5
32. Bd2 Rc4 33. Rb7 Ra4 34. Bb4 Nd4 35. Rb8+ Kg7 36. Bc3 Kh6 37. Bxd4 Rxd4
38. Rxb5 Ra4 { Game drawn by mutual agreement } 1/2-1/2

[Event "ICC tourney 2396 (75 10)"]
[Site "Internet Chess Club"]
[Date "2021.02.20"]
[Round "2"]
[White "landonp"]
[Black "Pugnacious"]
[Result "0-1"]
[ICCResult "White checkmated"]
[WhiteElo "1524"]
[BlackElo "1671"]
[Opening "Ruy Lopez: Cozio defense"]
[ECO "C60"]
[NIC "RL.04"]
[Time "14:31:31"]
[PlyCount "72"]
[TimeControl "4500+10"]

1. e4 e5 2. Nf3 Nc6 3. Bb5 Nge7 4. O-O g6 5. Re1 Bg7 6. c3 O-O 7. h3 d5 8.
d3 Be6 9. Nbd2 a6 10. Ba4 b5 11. Bc2 Qd7 12. Nf1 Rad8 13. Be3 h6 14. Qd2
Kh7 15. Bc5 Rfe8 16. a4 d4 17. cxd4 Nxd4 18. Nxd4 exd4 19. Qb4 Nc6 20. Qa3
Ne5 21. f4 Bxh3 22. Bd1 Bf6 23. fxe5 Rxe5 24. Bf3 Rg5 25. b3 Bg4 26. Bxg4
Qxg4 27. Ra2 Qh4 28. Ree2 Rh5 29. g3 Qh1+ 30. Kf2 Be5 31. Ke1 Bxg3+ 32. Kd2
Qxf1 33. Ra1 Bf4+ 34. Kc2 Qxe2+ 35. Kb1 Rh1+ 36. Qc1 Rxc1# { White
checkmated } 0-1

[Event "ICC tourney 2396 (75 10)"]
[Site "Internet Chess Club"]
[Date "2021.02.20"]
[Round "2"]
[White "chesslin"]
[Black "shrey16ultimate"]
[Result "0-1"]
[ICCResult "White resigns"]
[WhiteElo "1788"]
[BlackElo "1600"]
[Opening "Queen's pawn: London system"]
[ECO "A45"]
[NIC "QP.07"]
[Time "14:31:32"]
[PlyCount "106"]
[TimeControl "4500+10"]

1. d4 Nf6 2. Bf4 d5 3. e3 Bf5 4. c4 c6 5. Nc3 e6 6. Qb3 Qb6 7. c5 Qxb3 8.
axb3 Nbd7 9. Nf3 Be7 10. b4 O-O 11. b5 Nh5 12. Bd6 Bxd6 13. cxd6 Nhf6 14.
Ne5 Rfc8 15. b4 Nxe5 16. dxe5 Ng4 17. f4 Nxe3 18. Kd2 d4 19. Ne2 Nc4+ 20.
Ke1 d3 21. Nd4 Be4 22. Rg1 Kf8 23. g3 Ke8 24. Kf2 Kd7 25. Bh3 a6 26. bxc6+
bxc6 27. Rgc1 Bd5 28. Bf1 Nb2 29. Ke3 f6 30. Bxd3 Nxd3 31. Kxd3 fxe5 32.
fxe5 Rf8 33. Rf1 Rxf1 34. Rxf1 Ke8 35. Kc3 Ra7 36. Nb3 Bxb3 37. Kxb3 Rb7
38. Kc4 Rb5 39. Re1 Rd5 40. Re4 h6 41. h4 g5 42. hxg5 hxg5 43. Kc3 Kd7 44.
Kb3 Rb5 45. Ka4 Rd5 46. Re3 c5 47. b5 Rd4+ 48. Ka5 axb5 49. Kxb5 c4 50. Re1
c3 51. Kc5 Rd5+ 52. Kc4 c2 53. Kb3 Rd1 { White resigns } 0-1

[Event "ICC tourney 2396 (75 10)"]
[Site "Internet Chess Club"]
[Date "2021.02.20"]
[Round "2"]
[White "Ananya22609"]
[Black "StevChess01"]
[Result "1/2-1/2"]
[ICCResult "Game drawn by repetition"]
[WhiteElo "1595"]
[BlackElo "1661"]
[Opening "Sicilian: Alapin's variation (2.c3)"]
[ECO "B22"]
[NIC "SI.46"]
[Time "14:31:22"]
[PlyCount "93"]
[TimeControl "4500+10"]

1. e4 c5 2. c3 d5 3. exd5 Qxd5 4. d4 e6 5. Nf3 Nf6 6. Be2 Nc6 7. Be3 cxd4
8. cxd4 Be7 9. Nc3 Qa5 10. O-O O-O 11. a3 a6 12. Qb3 Qc7 13. h3 Rd8 14.
Rfd1 Nd5 15. Nxd5 exd5 16. Rac1 Qd6 17. Bd3 Bf6 18. Qc2 g6 19. b4 Ne7 20.
Qd2 Nc6 21. Bf4 Qd7 22. Bb1 Re8 23. Rc5 b6 24. Rcc1 Bb7 25. Re1 Rxe1+ 26.
Rxe1 Re8 27. Rc1 Rc8 28. Ne5 Nxe5 29. Rxc8+ Qxc8 30. dxe5 Bg7 31. Ba2 Qe6
32. Qd4 h6 33. Bg3 Kh7 34. f4 Bf8 35. Bf2 b5 36. Kf1 Qc6 37. Qb6 Qc1+ 38.
Ke2 Qc2+ 39. Ke1 Qxa2 40. Qxb7 Qb1+ 41. Ke2 Qc2+ 42. Ke1 Qc1+ 43. Ke2 Qc2+
44. Ke1 Qc1+ 45. Ke2 Qc2+ 46. Ke1 Qc1+ 47. Ke2 { Game drawn by repetition }
1/2-1/2

[Event "ICC tourney 2396 (75 10)"]
[Site "Internet Chess Club"]
[Date "2021.02.20"]
[Round "2"]
[White "solveur"]
[Black "sanjay2000"]
[Result "1-0"]
[ICCResult "Black checkmated"]
[WhiteElo "1560"]
[BlackElo "1615"]
[Opening "QGA: Linares variation"]
[ECO "D20"]
[NIC "QG.04"]
[Time "14:31:29"]
[PlyCount "65"]
[TimeControl "4500+10"]

1. d4 d5 2. c4 dxc4 3. e4 c5 4. d5 Nf6 5. Nc3 b5 6. e5 b4 7. exf6 bxc3 8.
Bxc4 Qa5 9. b3 Nd7 10. fxe7 Bxe7 11. Qe2 Kd8 12. Qf3 Ne5 13. Qg3 Bf6 14.
Bg5 Re8 15. Bxf6+ gxf6 16. Kf1 Ba6 17. Qf4 Bxc4+ 18. bxc4 Qa6 19. Ne2 Nxc4
20. Nxc3 Nd2+ 21. Kg1 Nb3 22. Rb1 Nd4 23. h3 Re5 24. Kh2 Rf5 25. Qg3 Rg5
26. Qf4 Rf5 27. Qh6 Qd6+ 28. Kg1 Rg5 29. g4 Kc7 30. Qxh7 Qd7 31. d6+ Qxd6
32. Qxf7+ Kc6 33. Qb7# { Black checkmated } 1-0

[Event "ICC tourney 2396 (75 10)"]
[Site "Internet Chess Club"]
[Date "2021.02.20"]
[Round "2"]
[White "NL008"]
[Black "Artemio3"]
[Result "0-1"]
[ICCResult "White checkmated"]
[WhiteElo "1541"]
[BlackElo "1721"]
[Opening "Sicilian: Canal-Sokolsky attack, 3...Bd7"]
[ECO "B52"]
[NIC "SI.01"]
[Time "14:31:36"]
[PlyCount "62"]
[TimeControl "4500+10"]

1. e4 c5 2. Nf3 d6 3. Bb5+ Bd7 4. Bxd7+ Nxd7 5. O-O g6 6. c3 Bg7 7. d4 cxd4
8. cxd4 e6 9. Nc3 Ne7 10. Bf4 e5 11. Be3 a6 12. dxe5 dxe5 13. Rc1 O-O 14.
Qe2 Qe8 15. Rfd1 Rd8 16. Qc2 Nc6 17. Qb3 b5 18. Nxb5 Nd4 19. Nfxd4 exd4 20.
Nd6 Qe7 21. Bxd4 Bxd4 22. Rxd4 Rb8 23. Qd1 Rfd8 24. b3 Nf6 25. f3 Qe6 26.
Nc4 Rdc8 27. Rd7 Nxd7 28. Ne3 Rxc1 29. Qxc1 Qb6 30. Kh1 Qc5 31. Nf5 Qxc1# {
White checkmated } 0-1

[Event "ICC tourney 2396 (75 10)"]
[Site "Internet Chess Club"]
[Date "2021.02.20"]
[Round "2"]
[White "Supersamraat"]
[Black "sushivishwa"]
[Result "0-1"]
[ICCResult "White checkmated"]
[WhiteElo "1575"]
[BlackElo "1750"]
[Opening "Dutch"]
[ECO "A80"]
[NIC "HD.12"]
[Time "14:31:26"]
[PlyCount "86"]
[TimeControl "4500+10"]

1. d4 f5 2. Bf4 e6 3. e3 Bd6 4. Bxd6 cxd6 5. c4 Nf6 6. Nc3 O-O 7. Nf3 b6 8.
Be2 Bb7 9. O-O Ne4 10. Nxe4 fxe4 11. Nd2 d5 12. Qb3 Nc6 13. cxd5 Na5 14.
Qc2 exd5 15. b4 Rc8 16. Qa4 Bc6 17. Bb5 Nc4 18. Nxc4 dxc4 19. Rac1 Bxb5 20.
Qxb5 d5 21. a4 Qg5 22. Qd7 Ra8 23. b5 Rf7 24. Qd6 Raf8 25. Ra1 h5 26. a5
Rf6 27. Qd7 R8f7 28. Qc8+ Kh7 29. axb6 Rxb6 30. Qc5 Rg6 31. g3 h4 32. Rxa7
hxg3 33. hxg3 Rf3 34. Qc7 Qg4 35. Kg2 Rh6 36. Qd7 Rf5 37. Kg1 Rg6 38. Ra6
Rgg5 39. b6 Qf3 40. Ra2 Rxg3+ 41. fxg3 Qxf1+ 42. Kh2 Rh5+ 43. Qh3 Rxh3# {
White checkmated } 0-1

[Event "ICC tourney 2396 (75 10)"]
[Site "Internet Chess Club"]
[Date "2021.02.20"]
[Round "2"]
[White "fireheart"]
[Black "Niteshc"]
[Result "0-1"]
[ICCResult "White resigns"]
[WhiteElo "1608"]
[BlackElo "1690"]
[Opening "Caro-Kann: exchange variation"]
[ECO "B13"]
[NIC "CK.02"]
[Time "14:31:39"]
[PlyCount "108"]
[TimeControl "4500+10"]

1. e4 c6 2. d4 d5 3. exd5 cxd5 4. Bd3 Nc6 5. c3 Nf6 6. h3 g6 7. Nf3 Bf5 8.
Bf4 e6 9. O-O Bg7 10. Re1 O-O 11. Qd2 Re8 12. Na3 a6 13. Rad1 Rc8 14. Bh6
Bh8 15. g4 Bxd3 16. Qxd3 Ne4 17. Nd2 Nxf2 18. Kxf2 Qh4+ 19. Kg2 Qxh6 20.
Nf3 Re7 21. Re2 Rce8 22. Ne5 Nxe5 23. dxe5 f6 24. exf6 Bxf6 25. Rf1 Rf7 26.
Ref2 Ref8 27. Re2 Bh4 28. Rxf7 Rxf7 29. Qd4 Qc1 30. Qg1 Qf4 31. Kh1 Qf3+
32. Qg2 Qd3 33. Nc2 Rf3 34. Kh2 Bg3+ 35. Kg1 Bf2+ 36. Rxf2 Rg3 37. Ne1
Rxg2+ 38. Kxg2 Qe4+ 39. Nf3 Kf7 40. Kg3 Ke7 41. Nd4 e5 42. Nf3 Qe3 43. Kg2
Kd6 44. Rd2 e4 45. Rf2 exf3+ 46. Rxf3 Qe2+ 47. Rf2 Qe4+ 48. Rf3 Ke5 49. Kg3
Qb1 50. Re3+ Kd6 51. b4 Qxa2 52. Kf4 Qf2+ 53. Rf3 g5+ 54. Kxg5 Qxf3 { White
resigns } 0-1

[Event "ICC tourney 2396 (75 10)"]
[Site "Internet Chess Club"]
[Date "2021.02.20"]
[Round "2"]
[White "trucker"]
[Black "muzikmixer"]
[Result "1-0"]
[ICCResult "Black resigns"]
[WhiteElo "1640"]
[BlackElo "1579"]
[Opening "Pirc: Ufimtsev-Pytel variation"]
[ECO "B07"]
[NIC "PU.08"]
[Time "14:31:47"]
[PlyCount "125"]
[TimeControl "4500+10"]

1. e4 d6 2. d4 Nf6 3. Nc3 c6 4. Nf3 Bg4 5. Be3 e6 6. h3 Bh5 7. Be2 Bxf3 8.
Bxf3 d5 9. O-O Be7 10. Qd3 a6 11. a3 O-O 12. Rfe1 Nbd7 13. e5 Ne8 14. Ne2
b5 15. g4 c5 16. c3 Nc7 17. Bg2 c4 18. Qc2 f6 19. f4 fxe5 20. fxe5 Bg5 21.
Qd2 Bxe3+ 22. Qxe3 Qh4 23. Rf1 Rxf1+ 24. Rxf1 Rf8 25. Ng3 Rxf1+ 26. Nxf1
Qh6 27. g5 Qg6 28. h4 Qc2 29. Qf2 Qxf2+ 30. Kxf2 Nb6 31. Ne3 Na4 32. Nd1
Kf7 33. Ke3 Kg6 34. Kf4 h6 35. Bf3 hxg5+ 36. hxg5 a5 37. Bg4 Kf7 38. Bh5+
Ke7 39. Bg6 Na6 40. Bc2 Nb6 41. Ke3 Nb8 42. Nf2 Nc6 43. Nh3 b4 44. axb4
axb4 45. Kd2 b3 46. Bg6 Na8 47. Nf4 Nc7 48. Nh5 Kf8 49. Ke3 Ne7 50. Bb1 Kf7
51. Nf4 g6 52. Ng2 Na8 53. Kd2 Nf5 54. Bxf5 gxf5 55. Nf4 Nb6 56. Kc1 Na4
57. g6+ Kg7 58. Nxe6+ Kxg6 59. Nf4+ Kg5 60. Nxd5 f4 61. e6 f3 62. e7 f2 63.
Ne3 { Black resigns } 1-0

[Event "ICC tourney 2396 (75 10)"]
[Site "Internet Chess Club"]
[Date "2021.02.20"]
[Round "2"]
[White "abelMZ084"]
[Black "yuanbao2007"]
[Result "0-1"]
[ICCResult "White checkmated"]
[WhiteElo "1667"]
[BlackElo "1584"]
[Opening "Queen's pawn game"]
[ECO "D00"]
[NIC "QP.08"]
[Time "14:31:20"]
[PlyCount "78"]
[TimeControl "4500+10"]

1. d4 d5 2. e3 c5 3. c3 Nc6 4. Bd3 Nf6 5. Nd2 e6 6. f4 Bd6 7. g3 O-O 8.
Ngf3 h6 9. Ne5 cxd4 10. exd4 Re8 11. O-O Nd7 12. Qh5 Qe7 13. Nxf7 Qxf7 14.
Bg6 Qf8 15. Bxe8 Nf6 16. Qe2 Qxe8 17. Nf3 Ne4 18. Ne5 Bxe5 19. fxe5 Qg6 20.
Qf3 Bd7 21. Be3 Ne7 22. g4 Bb5 23. Rfe1 Rf8 24. Qg2 Nc8 25. Rac1 Nb6 26. b3
Rc8 27. c4 dxc4 28. bxc4 Rxc4 29. Rxc4 Bxc4 30. h3 Bd5 31. Qc2 h5 32. g5
Qf5 33. Kh2 Nc4 34. Bc1 Ncd2 35. Qc8+ Kh7 36. Re2 Qf4+ 37. Kg1 Qg3+ 38. Rg2
Qe1+ 39. Kh2 Nf3# { White checkmated } 0-1

[Event "ICC tourney 2396 (75 10)"]
[Site "Internet Chess Club"]
[Date "2021.02.20"]
[Round "2"]
[White "Mulan2009"]
[Black "kgeisenman32"]
[Result "1-0"]
[ICCResult "Black resigns"]
[WhiteElo "1680"]
[BlackElo "1557"]
[Opening "Sicilian defense"]
[ECO "B34"]
[NIC "SI.33"]
[Time "14:31:19"]
[PlyCount "73"]
[TimeControl "4500+10"]

1. e4 c5 2. Nf3 Nc6 3. d4 cxd4 4. Nxd4 g6 5. Bc4 Bg7 6. Be3 d6 7. Nc3 Nf6
8. f3 a6 9. a4 Bd7 10. Nxc6 Bxc6 11. a5 O-O 12. O-O Rc8 13. Bb3 Nd7 14. Nd5
Bxb2 15. Rb1 Bg7 16. Nb6 Nxb6 17. Bxb6 Qd7 18. Qd3 Ba4 19. c4 Bxb3 20. Rxb3
Rc6 21. Rfb1 Qe6 22. Be3 Rxc4 23. Rxb7 Rfc8 24. R7b6 Rc3 25. Qe2 Rc2 26.
Qf1 Ra8 27. Kh1 h5 28. Bg1 Qa2 29. Rxa6 Rxa6 30. Rb8+ Kh7 31. Qxa6 Rxg2 32.
Qf1 Rb2 33. Rxb2 Qxb2 34. a6 Qb8 35. a7 Qa8 36. Qb5 Bd4 37. Bxd4 { Black
resigns } 1-0

[Event "ICC tourney 2396 (75 10)"]
[Site "Internet Chess Club"]
[Date "2021.02.20"]
[Round "2"]
[White "kittycat35"]
[Black "Mitochondria"]
[Result "1/2-1/2"]
[ICCResult "Game drawn by mutual agreement"]
[WhiteElo "1725"]
[BlackElo "1575"]
[Opening "Sicilian: Najdorf, Zagreb (fianchetto) variation"]
[ECO "B91"]
[NIC "SI.14"]
[Time "14:32:05"]
[PlyCount "228"]
[TimeControl "4500+10"]

1. e4 c5 2. Nf3 d6 3. d4 cxd4 4. Nxd4 Nf6 5. Nc3 a6 6. g3 b5 7. Bg2 Bb7 8.
O-O e6 9. a3 Be7 10. Be3 O-O 11. h3 Nbd7 12. Re1 Nb6 13. g4 d5 14. e5 Ne4
15. Nxe4 dxe4 16. Bf4 Qc7 17. Bxe4 Bxe4 18. Rxe4 Rfd8 19. Qe2 Nc4 20. c3
Rd5 21. a4 b4 22. Nxe6 fxe6 23. Rxc4 Qb7 24. cxb4 Bxb4 25. Qe4 a5 26. Rd4
Rad8 27. Rxd5 Rxd5 28. Qc4 Qd7 29. Bg3 h6 30. Kg2 Qb7 31. Qe4 Qd7 32. h4
Rd4 33. Qa8+ Kh7 34. g5 Rd5 35. gxh6 Kxh6 36. Bf4+ Kh7 37. Bg3 Qf7 38. Rc1
Qf5 39. Qc6 Qg4 40. Qc2+ Kh6 41. Rh1 Rxe5 42. Qc1+ Kh7 43. Qc2+ Rf5 44. Rd1
Qf3+ 45. Kg1 Qg4 46. Qd3 Bc5 47. Rf1 Qg6 48. Qe2 Bxf2+ 49. Rxf2 Qxg3+ 50.
Rg2 Qb3 51. Qg4 Qe3+ 52. Kh2 Qf4+ 53. Qxf4 Rxf4 54. Kg3 Rxa4 55. Re2 Rb4
56. Rxe6 Rxb2 57. Ra6 Ra2 58. h5 Ra1 59. Kg2 a4 60. Kh2 a3 61. Kg2 a2 62.
Kh2 Kg8 63. Kg2 Kf7 64. Kh2 Kg8 65. Kg2 Kh7 66. Kh2 Kg8 67. Ra7 Kf8 68. Kg2
Ke8 69. Kh2 Kd8 70. Kg2 Kc8 71. Kh2 Kb8 72. Ra3 Kb7 73. Kg2 Kb6 74. Kh2 Kb5
75. Ra8 Kb4 76. Rb8+ Kc3 77. Ra8 Kb2 78. Rb8+ Kc3 79. Ra8 Kd4 80. Ra5 Kc4
81. Ra8 Kd5 82. Ra5+ Ke6 83. Kg2 Kf6 84. Kh2 Kf7 85. Kg2 Kf6 86. Kh2 Ke6
87. Kg2 Kd6 88. Ra6+ Ke5 89. Ra5+ Kf4 90. Ra4+ Kg5 91. Ra5+ Kh6 92. Kh2 g6
93. hxg6 Kxg6 94. Kg2 Kf6 95. Kh2 Ke6 96. Kg2 Kd6 97. Kh2 Kc6 98. Kg2 Kb6
99. Ra3 Kb5 100. Ra8 Kb4 101. Rb8+ Kc3 102. Rc8+ Kd2 103. Rd8+ Kc3 104.
Rc8+ Kb4 105. Rb8+ Ka5 106. Ra8+ Kb6 107. Ra3 Kb5 108. Ra8 Kb4 109. Rb8+
Ka3 110. Ra8+ Kb2 111. Rb8+ Kc1 112. Rc8+ Kd2 113. Rd8+ Ke3 114. Ra8 Kd3 {
Game drawn by mutual agreement } 1/2-1/2

[Event "ICC tourney 2396 (75 10)"]
[Site "Internet Chess Club"]
[Date "2021.02.20"]
[Round "2"]
[White "Chessnaught"]
[Black "Mpugachev"]
[Result "1-0"]
[ICCResult "Black checkmated"]
[WhiteElo "1527"]
[BlackElo "1630"]
[Opening "English: Mikenas-Carls variation"]
[ECO "A18"]
[NIC "EO.64"]
[Time "14:31:23"]
[PlyCount "121"]
[TimeControl "4500+10"]

1. c4 e6 2. Nc3 Nf6 3. e4 d6 4. d4 Nbd7 5. Nf3 e5 6. Be2 Be7 7. O-O O-O 8.
Be3 b6 9. d5 Nc5 10. Qc2 a5 11. a3 a4 12. Bxc5 bxc5 13. Nd2 Bd7 14. b3 axb3
15. Nxb3 Qc8 16. Nb5 c6 17. dxc6 Bxc6 18. f3 Nh5 19. a4 Nf4 20. Bd3 Qd7 21.
Rfd1 Ne6 22. Rdb1 Nd4 23. Qd2 Rfc8 24. Na5 h6 25. Rb2 Bg5 26. Qe1 Qd8 27.
Nb3 Bh4 28. Qb1 Bxb5 29. axb5 Bg5 30. Rba2 Be3+ 31. Kh1 Rxa2 32. Qxa2 Nxb3
33. Qxb3 Ra8 34. Ra4 Rxa4 35. Qxa4 Qh4 36. g3 Qf6 37. Kg2 Qd8 38. Qa7 d5
39. exd5 Bg5 40. b6 Be7 41. Qc7 g6 42. Bc2 h5 43. Ba4 h4 44. Bd7 hxg3 45.
hxg3 Qa8 46. Qa7 Qd8 47. Qb7 Bd6 48. Qc6 Qb8 49. b7 Qc7 50. Qb5 Kf8 51. Bc6
f5 52. Qb1 Kf7 53. Qh1 Kg7 54. Qa1 Kf7 55. Qb1 Kf6 56. Qb5 g5 57. Bd7 f4
58. g4 Ke7 59. Be6 Kd8 60. b8=Q+ Qxb8 61. Qd7# { Black checkmated } 1-0

[Event "ICC tourney 2396 (75 10)"]
[Site "Internet Chess Club"]
[Date "2021.02.20"]
[Round "2"]
[White "Shoshonte"]
[Black "Vinny773175"]
[Result "1/2-1/2"]
[ICCResult "Game drawn because neither player has mating material"]
[WhiteElo "1626"]
[BlackElo "1763"]
[Opening "Sicilian: Taimanov variation"]
[ECO "B45"]
[NIC "SI.44"]
[Time "14:31:28"]
[PlyCount "182"]
[TimeControl "4500+10"]

1. e4 c5 2. Nc3 Nc6 3. Nge2 e6 4. d4 cxd4 5. Nxd4 Nf6 6. Ndb5 d6 7. Bg5 a6
8. Bxf6 gxf6 9. Na3 b5 10. Ne2 Bd7 11. g3 Rc8 12. c3 b4 13. Nc4 Qc7 14. Bg2
h5 15. h3 Be7 16. O-O Ne5 17. Ne3 Rg8 18. cxb4 Qb6 19. Qd2 Bb5 20. Rac1 Kd7
21. Rxc8 Rxc8 22. Rd1 h4 23. g4 Ke8 24. Nf4 Bd7 25. Kh1 Rb8 26. a3 a5 27.
Ra1 axb4 28. a4 Ra8 29. b3 Bd8 30. Nd3 Qb7 31. Nxe5 dxe5 32. Nc4 Be7 33.
Qh6 Bc6 34. Rd1 Qc7 35. Qh8+ Bf8 36. Qxf6 Bxa4 37. Bf1 Bxb3 38. Nxe5 Ba4
39. Ra1 Qb7 40. Rxa4 Rxa4 41. Bb5+ Qxb5 42. Qxf7+ Kd8 43. Qxf8+ Kc7 44.
Qe7+ Kb6 45. Qxe6+ Kb7 46. Qe7+ Kc8 47. Qf8+ Kc7 48. Qe7+ Kc8 49. Qf8+ Kb7
50. Qe7+ Ka6 51. Qf6+ Qb6 52. Qxh4 b3 53. Nd3 Qc6 54. Qg3 Qxe4+ 55. Kh2 Rd4
56. Nc5+ Kb5 57. Nxe4 Rxe4 58. Qd3+ Rc4 59. Qd5+ Kb4 60. Qb7+ Kc3 61. Qg7+
Kc2 62. Qg6+ Kc3 63. Qf6+ Kc2 64. Qf5+ Kc3 65. Qf3+ Kc2 66. Qe2+ Kc3 67.
Qe5+ Kc2 68. Qe2+ Kc3 69. g5 b2 70. Qd1 Rd4 71. Qb1 Rd2 72. Kg3 Rc2 73. Qa2
Rc1 74. Qa3+ Kc2 75. Qc5+ Kb3 76. Qb5+ Kc2 77. Kf4 b1=Q 78. Qxb1+ Rxb1 79.
f3 Kd3 80. g6 Rb6 81. Kf5 Rb5+ 82. Kf6 Rb6+ 83. Kf7 Rb7+ 84. Kf6 Rb6+ 85.
Kg7 Ke3 86. Kh7 Kxf3 87. h4 Kg4 88. g7 Rb7 89. Kh8 Rb8+ 90. g8=Q+ Rxg8+ 91.
Kxg8 Kxh4 { Game drawn because neither player has mating material } 1/2-1/2

[Event "ICC tourney 2396 (75 10)"]
[Site "Internet Chess Club"]
[Date "2021.02.20"]
[Round "3"]
[White "IveDoneEnough"]
[Black "Vinny773175"]
[Result "0-1"]
[ICCResult "White resigns"]
[WhiteElo "1584"]
[BlackElo "1763"]
[Opening "Sicilian defense"]
[ECO "B33"]
[NIC "SI.34"]
[Time "18:02:20"]
[PlyCount "144"]
[TimeControl "4500+10"]

1. e4 c5 2. Nf3 Nc6 3. d4 cxd4 4. Nxd4 Nf6 5. Nc3 e6 6. Be2 Bb4 7. Nxc6
bxc6 8. Bd3 d5 9. exd5 exd5 10. O-O O-O 11. Ne2 Bd6 12. Bf4 Be6 13. Qd2 Re8
14. Nd4 Qc7 15. Bg3 Bxg3 16. hxg3 Rad8 17. Rae1 Bc8 18. c3 a6 19. Rxe8+
Rxe8 20. Re1 Rxe1+ 21. Qxe1 c5 22. Nf5 g6 23. Qe7 Qd7 24. Qxf6 gxf5 25.
Bxa6 Bxa6 26. Qxa6 d4 27. Qd3 Qd5 28. b4 Qxa2 29. bxc5 Qa1+ 30. Kh2 Qxc3
31. Qxf5 d3 32. c6 d2 33. c7 d1=Q 34. c8=Q+ Qxc8 35. Qxc8+ Kg7 36. Qc3+ Kg8
37. Qf3 Qc1 38. g4 Qh6+ 39. Kg3 Qd6+ 40. Qf4 Qd3+ 41. Kh4 Qf1 42. Qg5+ Kf8
43. Qd8+ Kg7 44. Kg3 Qa1 45. Qg5+ Kf8 46. Qf5 Qc3+ 47. Kh4 Kg8 48. Kh5 Qc6
49. Qg5+ Kh8 50. Qd8+ Kg7 51. Qd4+ f6 52. g5 Qxg2 53. Qxf6+ Kg8 54. Qe6+
Kg7 55. Qe7+ Kg8 56. Qe3 Qh2+ 57. Kg4 Qg2+ 58. Qg3 Qe4+ 59. f4 Qe2+ 60. Qf3
Qc4 61. Qe3 Kf7 62. Qe5 Kg8 63. Kf5 Qd3+ 64. Kf6 Qd8+ 65. Ke6 Qc8+ 66. Kd5
Qb7+ 67. Kc4 Qc6+ 68. Kd4 Qa4+ 69. Kd3 Qb3+ 70. Qc3 Qd5+ 71. Ke3 Qe6+ 72.
Kf3 Qh3+ { White resigns } 0-1